 Dungeon Crawl Stone Soup version 0.31-a0-496-g6f97920a28 (webtiles) character file.

Game seed: 16992505969598378179

905 kae the Changeling (level 7, 0/52 HPs)
             Began as a Black Draconian Shapeshifter on Aug 8, 2023.
             Was an Initiate of Ru.
             Killed from afar by Pikel (8 damage)
             ... with a bolt of dispelling energy
             ... on level 5 of the Dungeon.
             The game lasted 00:02:48 (3684 turns).

kae the Changeling (Black Draconian Shapeshifter)   Turns: 3684, Time: 00:02:49

Health: 0/52       AC:  6    Str: 18    XL:     7   Next: 80%
Magic:  7/7        EV: 12    Int:  8    God:    Ru [......]
Gold:   240        SH:  0    Dex: 13    Spells: 6/6 levels left

rFire   . .          .
                       - Unarmed
rCold   + . .        (no shield)
rNeg    . . .        (body armour unavailable)
rPois   +            (helmet currently unavailable)
rElec   +            (cloak currently unavailable)
rCorr   .            (gloves currently unavailable)
SInv    .            (boots currently unavailable)
Will    .....        (no amulet)
Stlth   +            P - ring of poison resistance
HPRegen 0.28/turn    C - ring of protection from cold
MPRegen 0.10/turn

%: no passive effects
@: short of breath, beast-form
A: beast (slay +4), breathe lightning, AC +6, unfitting armour, electricity
resistance, cold-blooded
a: Breathe Lightning, Begin Untransformation, Renounce Religion


You were on level 5 of the Dungeon.
You worshipped Ru.
Ru was noncommittal.
You were a hulking beast.
You visited 2 branches of the dungeon, and saw 6 of its levels.

You collected 240 gold pieces.


Innate Abilities, Weirdness & Mutations

You are a hulking beast.
Your limbs bulge with bestial killing power. (Slay +4)
You can breathe wild blasts of lightning.
Your glossy black scales are hard. (AC +6)
You cannot fit into any form of body armour.
You are resistant to electric shocks. (rElec)
You are cold-blooded and may be slowed by cold attacks.


   Skills:
 - Level 1.1 Fighting
 - Level 1.7 Dodging
 + Level 6.0 Unarmed Combat
 * Level 6.8 Shapeshifting


You had 6 spell levels left.
You didn't know any spells.
Your spell library contained the following spells:

 Spells                   Type           Power      Damage    Failure   Level
 Foxfire                  Conj/Fire      0%         2x1d4     41%         1
 Manifold Assault         Tloc           0%         N/A       99%         4
 Dispersal                Tloc           0%         N/A       100%        6
 Plasma Beam              Fire/Air       0%         2x1d10    100%        6
 Starburst                Conj/Fire      0%         6d3       100%        6
 Disjunction              Tloc           0%         N/A       100%        8

Inventory:

Missiles
 f - 29 stones
 l - 4 poisoned darts
Jewellery
 C - a ring of protection from cold (right hand)
   (You found it on level 2 of the Dungeon)
 F - a ring of fire
   (You took it off a hobgoblin on level 2 of the Dungeon)
 P - a ring of poison resistance (left hand)
   (You found it on level 2 of the Dungeon)
Talismans
 b - a beast talisman (active)
 c - a flux talisman
Scrolls
 d - a scroll of fear
 m - a scroll of teleportation {@r4}
Potions
 a - 3 potions of lignification {!q}
 i - 3 potions of heal wounds {@q2}
 j - a potion of curing {@q1}

Dungeon Overview and Level Annotations

Branches:
Dungeon (5/15) Zot: 26391  Temple (1/1) D:5 Zot: 5940

Altars:
Ashenzari
Elyvilon
Fedhas
Gozag
Hepliaklqana
Kikubaaqudgha
Makhleb
Nemelex Xobeh
Okawaru
Ru
Vehumet
Wu Jian
Xom
Yredelemnul
The Shining One

Shops:
D:3 :

Annotations:
D:5 Pikel

...#..$... .##
##......... ..#
...............#
............ ..##
...........#....##
............#.?....
..##............<..
..........oh.......
......O...o.#..K.5.
.............# ..... ..
...........#......5
.............###......
.............#.......
.. ...##...#.....#
..##.
..##.#..#.#......# ...
...#.#....#†.#$....##.#


You could see Pikel, an ogre, 2 lemures and 2 orcs.


Message History

😮 HP[+8]
You regained 8 hp, and now have 36/52 hp.
You kneel at the altar of Ru.
Ru welcomes you!
There is an ancient bone altar of Kikubaaqudgha here.
There is a glowing golden altar of the Shining One here.
You enter the shallow water.
Moving in this stuff is going to be slow.
You recover from your berserk rage.
There is a staircase back to the Dungeon here. 😕 HP[+6]
You regained 6 hp, and now have 42/52 hp.
You climb upwards.
Welcome back to the Dungeon!
You hear the sound of rushing water.
There is an entrance to a sewer on this level.
Hurry and find it before the portal rusts away!
You hear the slow rusting of a distant drain.
The iguana hisses angrily.
There is a staircase to the Ecumenical Temple here. 😕 HP[+1] Unknown command.
Unknown command.
The iguana bites you. 😕 HP[-1]
You take 1 damage, and now have 42/52 hp.
You hit the iguana. The iguana closely misses you.
You closely miss the iguana. You tail-slap the iguana.
The iguana misses you. 😕 HP[+1]
You barely miss the iguana. You punch the iguana.
The iguana closely misses you.
You punch the iguana!
You kill the iguana!
You see here an iguana corpse.
Unknown command.
An iguana comes into view. 😕 HP[+1]
An orc comes into view. It is wielding a +0 club.
The orc shouts!
The iguana hisses angrily.
An orc priest comes into view. It is wielding a +0 flail.
The iguana bites you. 😕 HP[-1]
You take 1 damage, and now have 43/52 hp.
You hit the iguana. The iguana closely misses you.
You closely miss the iguana. The iguana bites you.
The orc priest mumbles some strange prayers to Beogh against you.
Beogh smites you!
You hear a shout! 😮 HP[-13]
You take 13 damage, and now have 30/52 hp.
MASSIVE DAMAGE!! (PAUSE)
You punch the iguana! The iguana bites you.
* * * LOW HITPOINT WARNING * * *
😨 HP[-5]
You take 5 damage, and now have 25/52 hp.
You punch the iguana!
You kill the iguana! 😨 HP[+1] Unknown command.
An orc comes into view. It is wielding a +0 falchion.
Found a stone staircase leading up.
The orc barely misses you. The orc priest barely misses you.
Activating: Breathe Lightning (5% risk of failure)
Press: ? - help, Dir - look around, f - activate You breathe a wild blast of lightning!
The orb of electricity explodes! x2
You hear a shout! x2
The orc hits you but does no damage. The orc priest closely misses you.
Unknown command.
You punch the orc! The orc closely misses you.
The orc priest hits you with a +0 flail.
* * * LOW HITPOINT WARNING * * *
😨 HP[-4]
You take 4 damage, and now have 22/52 hp.
You barely miss the orc priest. You tail-slap the orc priest.
An ogre comes into view. It is wielding a +0 giant spiked club.
The orc closely misses you. The orc priest closely misses you.
The ogre shouts!
You punch the orc priest!
Your tail-slap misses the orc priest.
The orc barely misses you. The orc closely misses you.
The orc priest misses you.
You punch the orc priest!
You kill the orc priest!
The orc closely misses you. The orc hits you with a +0 falchion.
* * * LOW HITPOINT WARNING * * *
Your Unarmed Combat skill increases to level 6!
Unknown command. 😨 HP[-6]
You take 6 damage, and now have 16/52 hp.
The orc attacks as you move away! The orc barely misses you. x2
Things that are here:
a +0 flail; an orc corpse; 😨 HP[+1]
The orc attacks as you move away! The orc hits you with a +0 falchion.
* * * LOW HITPOINT WARNING * * *
The orc attacks as you move away! The orc hits you with a +0 club.
* * * LOW HITPOINT WARNING * * *
Pikel and a lemure come into view.
Pikel is wielding a +1 whip of electrocution and carrying a wand of quicksilver.
Pikel shouts!
The lemure shouts!
A lemure comes into view.
Pikel zaps a wand.
The bolt of dispelling energy hits you!
You die...

Skill      XL: |  1  2  3  4  5  6  7 |
---------------+----------------------+-----
Shapeshifting  | 4 5 6 |  6.8
Unarmed Combat | 4 5 6 |  6.0
Fighting       | |  1.1
Dodging        | |  1.7

Action                     |  1- 3 |  4- 6 |  7- 9 || total
---------------------------+-------+-------+-------++-------
  Melee: Unarmed           |    88 |   145 |    61 ||   294
         Tailslap          |     9 |    17 |     6 ||    32
         Punch             |       |       |     4 ||     4
Ability: Breathe Lightning |       |       |     3 ||     3
    Use: Scroll            |     2 |     3 |       ||     5
         Potion            |       |     2 |     5 ||     7
   Stab: Sleeping          |       |     2 |       ||     2
 Armour: Skin              |    20 |    41 |    42 ||   103
  Dodge: Dodged            |    46 |    77 |    29 ||   152

Levels and vault maps discovered:
D:1:      reono_arrival_forest_river, layout_basic
D:2:      layout_basic, kennysheep_generic_room_16, uniq_natasha
D:3:      cheibrodos_helix_gallery, layout_rooms,
          chequers_temple_overflow_minitemple, serial_shops,
          nicolae_shop_tiny_statue_garden, serial_curves, eino_curves_02,
          eino_curves_02, corexii_corridor_pit, hangedman_feature_mirror
D:4:      layout_basic, minmay_quadrilaterals
D:5:      layout_cave_pools, mainiacjoe_overflow_chevrons,
          minmay_temple_entry_mini_moons, gup_sewer_entry_bowl, uniq_pikel,
          uniq_blork_the_orc
Temple:   chequers_temple_sunken

Notes
Turn   | Place    | Note
-------+----------+-------------------------------------------
     0 | D:1      | kae the Draconian Shapeshifter began the quest for the Orb.
     0 | D:1      | Reached XP level 1. HP: 16/16 MP: 1/1
     0 | D:1      | magus.rc [v1.11.3]
   102 | D:1      | Reached XP level 2. HP: 23/23 MP: 2/2
   202 | D:1      | You pick up a book of the Warp and begin reading...
   202 | D:1      | You add the spells Manifold Assault, Dispersal and
                  | Disjunction to your library.
   365 | D:1      | You pick up a book of Fire and begin reading...
   365 | D:1      | You add the spells Foxfire, Plasma Beam and Starburst to
                  | your library.
   968 | D:2      | Reached XP level 3. HP: 28/28 MP: 3/3
  1045 | D:2      | Noticed Natasha
  1053 | D:2      | Killed Natasha
  1245 | D:2      | Noticed Natasha
  1255 | D:2      | Killed Natasha
  1256 | D:2      | Reached skill level 4 in Shapeshifting
  1256 | D:2      | Reached XP level 4. HP: 28/35 MP: 4/4
  1645 | D:3      | Reached skill level 4 in Unarmed Combat
  1663 | D:3      | Reached XP level 5. HP: 16/40 MP: 5/5
  1940 | D:3      | Found Urily's Book Emporium.
  2275 | D:3      | Found a sparkling altar of Nemelex Xobeh.
  2275 | D:3      | Found a basalt altar of Yredelemnul.
  2283 | D:3      | Found an iron altar of Okawaru.
  2285 | D:3      | Found a hazy altar of Hepliaklqana.
  2287 | D:3      | Found a burning altar of Makhleb.
  2590 | D:4      | Reached skill level 5 in Shapeshifting
  2738 | D:4      | Reached XP level 6. HP: 28/47 MP: 6/6
  2814 | D:4      | Noticed a water moccasin
  2826 | D:4      | Killed a water moccasin
  2944 | D:4      | Reached skill level 5 in Unarmed Combat
  3085 | D:4      | Your scales start taking on a glossy black colour.
  3085 | D:4      | Reached XP level 7. HP: 40/52 MP: 7/7
  3085 | D:4      | Gained mutation: You are resistant to electric shocks.
                  | (rElec) [Black Draconian growth]
  3169 | D:4      | Reached skill level 6 in Shapeshifting
  3408 | D:5      | Entered Level 5 of the Dungeon
  3503 | D:5      | Noticed Blork the orc
  3516 | D:5      | Killed Blork the orc
  3525 | D:5      | HP: 19/78 [iguana (8)]
  3532 | D:5      | HP: 17/78 [orc/+0 falchion (4)]
  3549 | D:5      | HP: 11/52 [acid (4)]
  3606 | D:5      | Found a staircase to the Ecumenical Temple.
  3616 | Temple   | Entered the Ecumenical Temple
  3638 | Temple   | Became a worshipper of Ru the Awakened
  3683 | D:5      | Reached skill level 6 in Unarmed Combat
  3684 | D:5      | HP: 13/52 [orc/+0 falchion (4)]
  3684 | D:5      | Noticed Pikel
  3684 | D:5      | Killed from afar by Pikel

Vanquished Creatures
  A water moccasin (D:4)
  An ice beast (D:5)
  An ogre (D:4)
  Blork the orc (D:5)
  2 scorpions
  2 hounds (D:4)
  2 jellies
  An orc priest (D:5)
  4 iguanas
  An orc wizard (D:3)
  Natasha (twice) (D:2)
  2 adders
  4 worms
  3 dart slugs
  9 orcs
  7 ball pythons
  5 endoplasms
  2 giant cockroaches
  2 goblins
  6 hobgoblins
  8 jackals
  2 quokkas
  5 bats
  5 frilled lizards
  8 kobolds
  7 rats
93 creatures vanquished.

Vanquished Creatures (others)
  A kobold (D:2)
1 creature vanquished.

Grand Total: 94 creatures vanquished

Table legend:
 A = Non-vault XP
 B = Vault XP
 C = Vault XP percentage of total XP
 D = Non-vault monster count
 E = Vault monster count
 F = Vault count percentage of total count
                 A         B        C        D         E       F
            +---------+---------+-------+---------+---------+-------
      Total |     990 |     304 |  23.5 |      82 |      11 |  11.8
            +---------+---------+-------+---------+---------+-------
        D:1 |      35 |       0 |   0.0 |      21 |       0 |   0.0
        D:2 |      66 |      38 |  36.5 |      14 |       3 |  17.6
        D:3 |      96 |       4 |   4.0 |      24 |       2 |   7.7
        D:4 |     383 |     172 |  31.0 |      12 |       5 |  29.4
        D:5 |     410 |      90 |  18.0 |      11 |       1 |   8.3
            +---------+---------+-------+---------+---------+-------

Skill      XL: |  1  2  3  4  5  6  7 |
---------------+----------------------+-----
Shapeshifting  | 4 5 6 |  6.8
Unarmed Combat | 4 5 6 |  6.0
Fighting       | |  1.1
Dodging        | |  1.7

Action                     |  1- 3 |  4- 6 |  7- 9 || total
---------------------------+-------+-------+-------++-------
  Melee: Unarmed           |    88 |   145 |    61 ||   294
         Tailslap          |     9 |    17 |     6 ||    32
         Punch             |       |       |     4 ||     4
Ability: Breathe Lightning |       |       |     3 ||     3
    Use: Scroll            |     2 |     3 |       ||     5
         Potion            |       |     2 |     5 ||     7
   Stab: Sleeping          |       |     2 |       ||     2
 Armour: Skin              |    20 |    41 |    42 ||   103
  Dodge: Dodged            |    46 |    77 |    29 ||   152

Illustrated notes

Table legend:
 A = Kills in this place as a percentage of kills in the entire game.
 B = Kills by you in this place as a percentage of kills by you in the entire game.
 C = Kills by friends in this place as a percentage of kills by friends in the entire game.
 D = Other kills in this place as a percentage of other kills in the entire game.
 E = Experience gained in this place as a percentage of experience gained in the entire game.
 F = Experience gained in this place divided by the number of levels of this place that you have seen.
                   A       B       C       D       E      F
               +-------+-------+-------+-------+-------+----------------------
         Total | 100.0 | 100.0 |   N/A |   N/A | 100.0 | 215.7
       Dungeon | 100.0 | 100.0 |   N/A |   N/A | 100.0 | 258.8
               +-------+-------+-------+-------+-------+----------------------

Table legend: (Time is in decaauts)
 A = Elapsed time spent in this place.
 B = Non-inter-level travel time spent in this place.
 C = Inter-level travel time spent in this place.
 D = Time resting spent in this place.
 E = Time spent auto-exploring this place.
 F = Levels seen in this place.
 G = Mean time per level.
                   A        B        C        D        E       F      G
               +--------+--------+--------+--------+--------+-----+--------+
         Total |   3667 |   3537 |    130 |     83 |   2820 |   6 |  611.2 |
       Dungeon |   3607 |   3528 |     79 |     83 |   2820 |   5 |  721.4 |
        Temple |     59 |      9 |     50 |      0 |      0 |   1 |   59.0 |
               +--------+--------+--------+--------+--------+-----+--------+

Top non-repeatable levels by time:
     D:4: 1009 daAuts
     D:1: 835 daAuts
     D:3: 768 daAuts
     D:2: 765 daAuts
     D:5: 229 daAuts
  Temple: 59 daAuts
